 Dungeon Crawl Stone Soup version 0.23.2-1-ga50397a (webtiles) character file.

Game seed: 5416650932454170662

761 SidEye the Fighter (level 7, -4/108 HPs)
             Began as a Minotaur Berserker on May 9, 2019.
             Was a Priest of Trog.
             Slain by Prince Ribbit (15 damage)
             ... on level 5 of the Dungeon.
             The game lasted 00:14:44 (3509 turns).

SidEye the Fighter (Minotaur Berserker)             Turns: 3509, Time: 00:14:45

Health: -4/108     AC:  8    Str: 26    XL:     7   Next: 51%
Magic:  2/2        EV: 12    Int:  4    God:    Trog [***...]
Gold:   208        SH:  0    Dex: 12    Spells: 6/6 levels left

rFire    + . .     SeeInvis .   s - +2 falchion of Awkwardness {antimagic, rF+}
rCold    . . .     Gourm    .   (no shield)
rNeg     . . .     Faith    .   c - +0 ring mail
rPois    .         Spirit   .   (helmet restricted)
rElec    .         Reflect  .   r - +0 cloak
rCorr    .         Harm     .   (no gloves)
MR       ++...                  m - +1 pair of boots
Stlth    ..........             (no amulet)
HPRegen  1.28/turn              (no ring)
MPRegen  0.08/turn              (no ring)

@: berserking, regenerating, very quick
A: retaliatory headbutt, horns 2
a: Berserk, Trog's Hand, Renounce Religion


You were on level 5 of the Dungeon.
You worshipped Trog.
Trog was most pleased with you.
You were very hungry.

You visited 1 branch of the dungeon, and saw 6 of its levels.

You collected 208 gold pieces.

Inventory:

Hand Weapons
 a - a +1 hand axe
 j - a +0 dagger
 n - a +0 dagger
 s - the +2 falchion of Awkwardness (weapon) {antimagic, rF+}
   (You found it on level 4 of the Dungeon)

   It reduces the magical energy of the wielder, and disrupts the spells and
   magical abilities of those hit.
   Natural abilities and divine invocations are not affected.
   It protects you from fire.
Armour
 c - a +0 ring mail (worn)
 m - a +1 pair of boots (worn)
 r - a +0 cloak (worn)
Jewellery
 h - an uncursed amulet of guardian spirit {unknown}
 i - an uncursed ring of flight
Wands
 g - a wand of random effects (7)
Scrolls
 d - 3 scrolls of identify
 e - 3 scrolls of remove curse
 k - a scroll of fear
Potions
 f - 3 potions of ambrosia
 q - a potion of flight
Comestibles
 b - 4 rations


   Skills:
 - Level 10.3 Fighting
 - Level 3.8 Axes
 + Level 2.8 Armour
 * Level 2.8 Dodging


You had 6 spell levels left.
You didn't know any spells.
Your spell library was empty.

Dungeon Overview and Level Annotations

Branches:
Dungeon (6/15)
 Temple: D:4-7

Altars:
Wu Jian
The Shining One

Annotations:
D:5 Prince Ribbit


Innate Abilities, Weirdness & Mutations

You reflexively headbutt those who attack you in melee.
You have a pair of horns on your head.


Message History

Prince Ribbit is severely wounded.
Prince Ribbit barely misses you. You furiously retaliate!
You headbutt Prince Ribbit! You barely miss Prince Ribbit.
Your headbutt misses Prince Ribbit.
Prince Ribbit is almost dead.
Prince Ribbit hits you!
* * * LOW HITPOINT WARNING * * *
You miss Prince Ribbit.
Prince Ribbit is almost dead.
Prince Ribbit croaks regally.
Prince Ribbit casts a spell.
Prince Ribbit looks slightly unstable.
Prince Ribbit hits you!
* * * LOW HITPOINT WARNING * * *
You barely miss Prince Ribbit.
Prince Ribbit is almost dead.
Prince Ribbit hits you but does no damage.
You miss Prince Ribbit.
Prince Ribbit is almost dead.
Prince Ribbit hits you!
You die...

#.# #.# ## #.# . #.#
########.# #.#
#........# ###.####
#?##.##..#
#......######......?>##[
#.#.##.##......?.F......
#.#.......###.#)@.#.#
...###.#### #.......#
#..###.# #.#######
.......# #.# ##.#.###
... #.#.# #...# #...#
#...# ###.# #....
####.#######....


You could see Prince Ribbit.

Vanquished Creatures
  Eustachio (D:4)
  A sky beast (D:5)
  An ogre (D:4)
  A crimson imp (D:5)
  An orc priest (D:4)
  A hound (D:4)
  3 orc wizards
  Ijyb (D:3)
  4 worker ants
  8 adders
  An ooze (D:1)
  3 worms
  2 dart slugs
  8 orcs
  6 giant cockroaches
  5 goblins
  7 hobgoblins
  2 jackals (D:1)
  3 kobolds
  2 quokkas (D:3)
  4 ball pythons
  3 bats
  A frilled lizard (D:1)
  A leopard gecko skeleton (D:4)
  8 rats
78 creatures vanquished.

Notes
Turn   | Place    | Note
-------+----------+-------------------------------------------
     0 | D:1      | SidEye the Minotaur Berserker began the quest for the Orb.
     0 | D:1      | Reached XP level 1. HP: 19/19 MP: 0/0
   148 | D:1      | Reached skill level 4 in Fighting
   177 | D:1      | Reached XP level 2. HP: 15/27 MP: 1/1
  1024 | D:2      | Reached XP level 3. HP: 33/35 MP: 2/2
  1041 | D:2      | Reached skill level 5 in Fighting
  1962 | D:3      | Reached ** piety under Trog
  1966 | D:3      | Noticed Ijyb
  1969 | D:3      | Reached XP level 4. HP: 43/44 MP: 3/3
  1982 | D:3      | Killed Ijyb
  1982 | D:3      | Reached skill level 6 in Fighting
  2173 | D:3      | Reached XP level 5. HP: 45/51 MP: 4/4
  2176 | D:3      | Reached skill level 7 in Fighting
  2607 | D:4      | Noticed Eustachio
  2619 | D:4      | Killed Eustachio
  2619 | D:4      | Reached skill level 8 in Fighting
  2619 | D:4      | Reached XP level 6. HP: 62/62 MP: 5/5
  2677 | D:5      | Entered Level 5 of the Dungeon
  2714 | D:4      | Found a glowing golden altar of the Shining One.
  2714 | D:4      | Found an ornate altar of the Wu Jian Council.
  2776 | D:4      | Got an ancient falchion
  2777 | D:4      | Identified the +2 falchion of Awkwardness {antimagic, rF+}
                  | (You found it on level 4 of the Dungeon)
  2856 | D:4      | Reached skill level 9 in Fighting
  3073 | D:4      | Reached XP level 7. HP: 68/70 MP: 2/6
  3181 | D:5      | Reached *** piety under Trog
  3278 | D:5      | Reached skill level 10 in Fighting
  3484 | D:5      | Noticed Prince Ribbit
  3509 | D:5      | Slain by Prince Ribbit

Skill      XL: |  1  2  3  4  5  6  7 |
---------------+----------------------+-----
Fighting       | 4 5 6 8 9 10 | 10.3
Axes           | |  3.8
Armour         | |  2.8
Dodging        | |  2.8

Action                   |  1- 3 |  4- 6 |  7- 9 || total
-------------------------+-------+-------+-------++-------
Melee: Hand axe          |    87 |    68 |       ||   155
       Headbutt          |    15 |    20 |     1 ||    36
       Falchion          |       |    19 |    37 ||    56
Invok: Berserk           |       |     1 |     1 ||     2
       Trog's Hand       |       |       |     1 ||     1
  Use: Scroll            |     5 |     1 |     4 ||    10
       Potion            |     4 |       |     1 ||     5
 Stab: Sleeping          |     1 |       |       ||     1
  Eat: Chunk             |     1 |     3 |     2 ||     6
       Ration            |     1 |       |       ||     1
Armor: Animal skin       |     7 |       |       ||     7
       Ring mail         |     6 |    24 |    18 ||    48
Dodge: Dodged            |    52 |    58 |    25 ||   135
       Rpst.: Falchion   |       |     5 |     8 ||    13
